 Dungeon Crawl Stone Soup version 0.31-a0-221-gbddc013574 (webtiles) character file.

Game seed: 2425977110096095314

4 Jeffwins the Caller (level 1, -2/11 HPs)
             Began as an Octopode Wanderer on July 4, 2023.
             Succumbed to a kobold's poison
             ... on level 1 of the Dungeon.
             The game lasted 00:00:33 (153 turns).

Jeffwins the Caller (Octopode Wanderer)              Turns: 153, Time: 00:00:33

Health: -2/11      AC:  1    Str:  8    XL:     1   Next: 60%
Magic:  2/2        EV: 12    Int: 16    God:
Gold:   0          SH:  0    Dex: 12    Spells: 1/2 levels left

rFire   . . .        a - +0 dagger
rCold   . . .        (no shield)
rNeg    . . .        c - +0 hat
rPois   .            (no amulet)
rElec   .            (no ring)
rCorr   .            (no ring)
SInv    .            (no ring)
Will    .....        (no ring)
Stlth   +++          (no ring)
HPRegen 0.21/turn    (no ring)
MPRegen 0.08/turn    (no ring)
                     (no ring)

%: no passive effects
@: lethally poisoned (-2 -> -15)
A: almost no armour, amphibious, 8 rings, camouflage 1, gelatinous body 1,
(nimble swimmer 1), tentacles
a: no special abilities


You were on level 1 of the Dungeon.
You visited 1 branch of the dungeon, and saw 1 of its levels.


Innate Abilities, Weirdness & Mutations

You cannot wear most types of armour.
You are amphibious.
You can wear up to eight rings at the same time.
Your skin changes colour to match your surroundings (Stealth+).
Your rubbery body absorbs attacks. (AC +1, EV +1)
((You are camouflaged when in or above water. (Stealth+)))
You have tentacles for arms and can constrict up to eight enemies at once.


   Skills:
 + Level 1.0 Dodging
 + Level 1.4 Stealth
 * Level 1.1 Spellcasting
 * Level 0.2 Conjurations
 * Level 4.0 Summonings
 * Level 2.0 Fire Magic
 - Level 1.1 Evocations


You had one spell level left.
You knew the following spells:

 Your Spells              Type           Power      Damage    Failure   Level
z - Foxfire               Conj/Fire      16%        2x1d4     14%         1

Your spell library contained the following spells:

 Spells                   Type           Power      Damage    Failure   Level
 Summon Small Mammal      Summ           52%        N/A       4%          1
 Call Imp                 Summ           26%        N/A       7%          2
 Volatile Blastmotes      Fire/Tloc      8%         2d10      41%         3
 Summon Ice Beast         Ice/Summ       7%         N/A       69%         4

Inventory:

Hand Weapons
 a - a +0 dagger (weapon)
Armour
 c - a +0 hat (worn)
Scrolls
 b - a scroll of fear

Dungeon Overview and Level Annotations

Branches:
Dungeon (1/15)

Altars:

## ##. ##
#####...## ..
#....# #.#####.#
####### #....#
#...[@K.#
#.....#
#.##.###.#######
#..<..#
#.##....##
#.....#
#.##.##.###.
#.▒▒▒.#
###.##.##.....
#.▒†▒.#
#.........###
#.▒▒▒.#
#...###..##.#
#.....#
..####8..8#.#
#.....# .
#.......#
#.....#


You could see a kobold.


Message History

A kobold is nearby!
A kobold is nearby!
A kobold is nearby!
The kobold shouts!
The kobold throws a stone.
The stone hits you.
You see here a +0 leather armour.
The kobold hits you with a +0 dagger of venom.
You are lethally poisoned!
You miss the kobold. Your grab misses the kobold.
You feel very sick.
The kobold hits you with a +0 dagger of venom.
* * * LOW HITPOINT WARNING * * *
You are more poisoned.
Unknown command.
You hit the kobold. You grab the kobold.
You squeeze the kobold, but do no damage.
The kobold is severely wounded.
You constrict the kobold, but do no damage.
* * * LOW HITPOINT WARNING * * *
You feel very sick. The kobold misses you.
Unknown command.
You aren't carrying any potions.
Unknown command.
You aren't carrying any potions.
Unknown command.
You hit the kobold but do no damage.
The kobold is severely wounded.
You constrict the kobold, but do no damage.
You die...

Action                     || total
---------------------------++-------
  Melee: Dagger            ||     8
         Constrict         ||     3
         Tentacles         ||     2
   Cast: Foxfire           ||     2
 Armour: Skin              ||     1
  Dodge: Dodged            ||     3

Levels and vault maps discovered:
D:1:      nicolae_arrival_memento_mori, layout_loops_cross, st_stairs_6,
          dreamdust_princess_corridor, minmay_3d_cube

Notes
Turn   | Place    | Note
-------+----------+-------------------------------------------
     0 | D:1      | Jeffwins the Octopode Wanderer began the quest for the Orb.
     0 | D:1      | Jeffwins set off with the following items: a +0 dagger, a
                  | scroll of fear, a +0 hat; and the following spells
                  | available to memorise: Summon Small Mammal, Call Imp,
                  | Foxfire, Volatile Blastmotes, Summon Ice Beast.
     0 | D:1      | Reached XP level 1. HP: 11/11 MP: 2/2
     2 | D:1      | Learned a level 1 spell: Foxfire
   152 | D:1      | HP: 1/11 [poisoned by a kobold]
   153 | D:1      | Succumbed to a kobold's poison

Vanquished Creatures
  A ball python (D:1)
  An endoplasm (D:1)
  A hobgoblin (D:1)
3 creatures vanquished.

Vanquished Creatures (others)
  4 foxfires (D:1)
4 creatures vanquished.

Grand Total: 7 creatures vanquished

Table legend: (Time is in decaauts)
 A = Elapsed time spent in this place.
 B = Non-inter-level travel time spent in this place.
 C = Inter-level travel time spent in this place.
 D = Time resting spent in this place.
 E = Time spent auto-exploring this place.
 F = Levels seen in this place.
 G = Mean time per level.
                   A        B        C        D        E       F      G
               +--------+--------+--------+--------+--------+-----+--------+
         Total |    153 |    153 |      0 |      0 |    129 |   1 |  153.0 |
       Dungeon |    153 |    153 |      0 |      0 |    129 |   1 |  153.0 |
               +--------+--------+--------+--------+--------+-----+--------+

Top non-repeatable levels by time:
     D:1: 153 daAuts

Table legend:
 A = Non-vault XP
 B = Vault XP
 C = Vault XP percentage of total XP
 D = Non-vault monster count
 E = Vault monster count
 F = Vault count percentage of total count
                 A         B        C        D         E       F
            +---------+---------+-------+---------+---------+-------
      Total |       4 |       2 |  33.3 |       2 |       1 |  33.3
            +---------+---------+-------+---------+---------+-------
        D:1 |       4 |       2 |  33.3 |       2 |       1 |  33.3
            +---------+---------+-------+---------+---------+-------
